 Dungeon Crawl Stone Soup version 0.21.1-1-g345015f (webtiles) character file.

291 zishaf the Chopper (level 6, -4/51 HPs)
             Began as a Minotaur Fighter on May 16, 2018.
             Slain by an ogre
             ... wielding a cursed -1 giant spiked club
              (14 damage)
             ... on level 4 of the Dungeon.
             The game lasted 00:03:27 (2445 turns).

zishaf the Chopper (Minotaur Fighter)               Turns: 2445, Time: 00:03:28

Health: -4/51      AC:  6    Str: 27    XL:     6   Next: 10%
Magic:  5/5        EV:  7    Int:  7    God:
Gold:   190        SH: 10    Dex: 10    Spells: 5/5 levels left

rFire    . . .     SeeInvis .   a - +0 war axe
rCold    . . .     Gourm    .   c - +0 shield
rNeg     . . .     Faith    .   b - +0 scale mail
rPois    .         Spirit   .   (helmet restricted)
rElec    .         Reflect  .   (no cloak)
rCorr    .         Harm     .   (no gloves)
MR       .....                  (no boots)
Stlth    ..........             (no amulet)
HPRegen  0.17/turn              t - +2 ring of intelligence
MPRegen  0.09/turn              (no ring)

@: mighty
A: retaliatory headbutt, horns 2
a: no special abilities


You were on level 4 of the Dungeon.
You were not hungry.

You visited 1 branch of the dungeon, and saw 5 of its levels.

You collected 190 gold pieces.

Inventory:

Hand Weapons
 a - a +0 war axe (weapon)
Armour
 b - a +0 scale mail (worn)
 c - a +0 shield (worn)
Jewellery
 t - a +2 ring of intelligence (left hand)
Wands
 w - a wand of flame (32)
Scrolls
 e - a scroll of enchant weapon {unknown}
 h - a scroll of immolation {unknown}
 m - a scroll of enchant armour {unknown}
 o - 2 scrolls of random uselessness {unknown}
 p - a scroll of remove curse {unknown}
 s - 2 scrolls of teleportation {unknown}
 u - 3 scrolls of identify {unknown}
 v - a scroll of amnesia {unknown}
Potions
 g - a potion of cancellation {unknown}
 i - a potion of haste {unknown}
 j - 5 potions of curing {unknown}
 k - a potion of flight {unknown}
 n - a potion of agility {unknown}
 q - a potion of mutation {unknown}
 r - a potion of brilliance {unknown}
Comestibles
 f - 7 rations
 l - 3 chunks of flesh


   Skills:
 - Level 3.6 Fighting
 + Level 7.8 Axes
 - Level 3.6 Armour
 - Level 3.6 Shields


You had 5 spell levels left.
You didn't know any spells.

Dungeon Overview and Level Annotations

Branches:
Dungeon (5/15)
 Temple: D:4-7

Altars:
Sif Muna


Innate Abilities, Weirdness & Mutations

You reflexively headbutt those who attack you in melee.
You have a pair of horns on your head.


Message History

You barely miss the ogre.
The ogre is moderately wounded.
You closely miss the orc. You block the ogre's attack.
You block the orc's attack.
You barely miss the ogre.
The ogre is moderately wounded.
You hit the orc. x2; The orc hits you with a short sword.
You block the ogre's attack. The orc hits you but does no damage.
The orc closely misses you.
You slash the orc!
You kill the orc!
You barely miss the ogre. You closely miss the orc.
The ogre hits you with a giant club!!
* * * LOW HITPOINT WARNING * * *
You block the orc's attack.
You are too injured to fight recklessly!
You are too injured to fight recklessly!
You feel very mighty all of a sudden.
The ogre hits you with a giant spiked club!
You die...

....#.###.#.#..#.# . #.#.#
#........# ..#.#.# #.###.####
....<.###.....#
###.......##### #######.#
##### #...# ###...##### #...#
#.......... #...# #@#...#.##
#...# #O##.##.## #...#
#Os......# #######
#####...#####o.#.#...# #.....#
...............#.#...###.....#
.!........o..................#
...............#...###.#.....#
####...######.#...###.#.....#
#.))# #......##.#######


You could see 2 ogres, an orc and a giant cockroach.

Vanquished Creatures
  A centaur skeleton (D:4)
  An orc priest (D:3)
  Natasha (thrice) (D:3)
  Terence (D:3)
  A hound skeleton (D:4)
  6 adders
  An ooze (D:3)
  A dart slug (D:1)
  3 leopard geckos
  5 orcs
  7 bats
  2 giant cockroaches
  3 goblins
  4 hobgoblins
  2 jackals (D:2)
  A quokka (D:4)
  2 ball pythons
  3 frilled lizards
  10 kobolds
  A quokka skeleton (D:4)
  6 rats
64 creatures vanquished.

Notes
Turn   | Place    | Note
-------+----------+-------------------------------------------
     0 | D:1      | zishaf the Minotaur Fighter began the quest for the Orb.
     0 | D:1      | Reached XP level 1. HP: 19/19 MP: 0/0
    76 | D:1      | Reached skill level 3 in Axes
   130 | D:1      | Reached XP level 2. HP: 26/26 MP: 1/1
   595 | D:1      | Reached skill level 4 in Axes
   762 | D:2      | Found a deep blue altar of Sif Muna.
   818 | D:2      | Reached XP level 3. HP: 30/31 MP: 2/2
   947 | D:2      | Reached skill level 5 in Axes
  1176 | D:3      | Noticed Natasha
  1177 | D:3      | You fall through a shaft for 2 floors!
  1177 | D:5      | Entered Level 5 of the Dungeon
  1231 | D:4      | Reached XP level 4. HP: 32/39 MP: 3/3
  1302 | D:3      | Killed Natasha
  1302 | D:3      | Reached skill level 6 in Axes
  1335 | D:3      | Noticed Natasha
  1341 | D:3      | Killed Natasha
  1341 | D:3      | Reached XP level 5. HP: 30/45 MP: 4/4
  1564 | D:3      | Reached skill level 7 in Axes
  2035 | D:3      | Noticed Terence
  2046 | D:3      | Killed Terence
  2142 | D:3      | Noticed Natasha
  2155 | D:3      | Killed Natasha
  2382 | D:4      | Reached XP level 6. HP: 51/51 MP: 5/5
  2445 | D:4      | Slain by an ogre

Skill      XL: |  1  2  3  4  5 |
---------------+----------------+-----
Axes           | 3 4 5 6 7 |  7.8
Fighting       | |  3.6
Armour         | |  3.6
Shields        | |  3.6

Action                   |  1- 3 |  4- 6 || total
-------------------------+-------+-------++-------
Melee: War axe           |    61 |    94 ||   155
       Headbutt          |    10 |    18 ||    28
  Use: Potion            |       |     1 ||     1
  Eat: Chunk             |     1 |     4 ||     5
Armor: Scale mail        |    33 |    28 ||    61
Dodge: Dodged            |    15 |    23 ||    38
Block: Shield            |    38 |    49 ||    87
